 Dungeon Crawl Stone Soup version 0.27-a0-1136-g0b992a5a9d (webtiles) character file.

Game seed: 4303848854969981664

86 1player the Cudgeller (level 4, -4/38 HPs)
             Began as a Draconian Abyssal Knight on May 5, 2021.
             Was a Believer of Lugonu.
             Slain by Natasha (8 damage)
             ... on level 3 of the Dungeon.
             The game lasted 00:04:50 (2381 turns).

1player the Cudgeller (Draconian Abyssal Knight)    Turns: 2381, Time: 00:04:51

Health: -4/38      AC:  6    Str: 14    XL:     4   Next: 26%
Magic:  5/5        EV: 12    Int: 12    God:    Lugonu [**....]
Gold:   90         SH:  0    Dex: 12    Spells: 3/3 levels left

rFire    . . .     SeeInvis .   c - +0 whip
rCold    . . .     Faith    .   (no shield)
rNeg     . . .     Spirit   .   (armour unavailable)
rPois    .         Reflect  .   (helmet restricted)
rElec    .         Harm     .   d - +0 cloak
rCorr    +         Rampage  .   (no gloves)
Will     .....                  (no boots)
Stlth    +.........             (no amulet)
HPRegen  0.12/turn              i - ring of resist corrosion
MPRegen  0.09/turn              (no ring)

@: no status effects
A: AC +5, unfitting armour, cold-blooded
a: Renounce Religion, Depart the Abyss, Bend Space


You were on level 3 of the Dungeon.
You worshipped Lugonu.
Lugonu was pleased with you.
You visited 1 branch of the dungeon, and saw 3 of its levels.
You visited the Abyss 1 time.
You also visited: Sewer.

You collected 90 gold pieces.

Inventory:

Hand Weapons
 a - a +1 mace
 c - a +0 whip (weapon)
Armour
 d - a +0 cloak (worn)
Magical Staves
 e - a staff of cold
Jewellery
 i - a ring of resist corrosion (left hand)
Scrolls
 b - 3 scrolls of identify {@r1}
Potions
 h - a potion of heal wounds {unknown}
 j - a potion of attraction {unknown}
 k - a potion of resistance {unknown}
 l - a potion of cancellation {unknown}
 m - a potion of curing {unknown}


   Skills:
 - Level 3.2 Fighting
 + Level 4.6 Maces & Flails
 - Level 2.1 Dodging
 - Level 2.0 Invocations


You had 3 spell levels left.
You didn't know any spells.
Your spell library was empty.

Dungeon Overview and Level Annotations

Branches:
Dungeon (3/15)              Sewer (visited)

Altars:

Shops:
D:1 [(   D:2 *

Annotations:
D:3 Natasha


Innate Abilities, Weirdness & Mutations

Your plain brown scales are hard. (AC +5)
You cannot fit into any form of body armour.
You are cold-blooded and may be slowed by cold attacks.


Message History

The iron imp is severely wounded.
The iron imp hits you.
You completely miss the iron imp.
The iron imp is severely wounded.
The iron imp hits you!
You barely miss the iron imp.
The iron imp is severely wounded.
Natasha hisses.
You hit the iron imp.
Your tail-slap misses the iron imp.
The iron imp is severely wounded.
The iron imp closely misses you.
Natasha wildly gestures.
Natasha glows brightly for a moment.
You closely miss the iron imp.
The iron imp is severely wounded.
The iron imp hits you but does no damage.
You hit the iron imp.
The iron imp is almost dead.
The iron imp disappears in a puff of smoke!
Natasha stares at you and mumbles some strange words.
The magic dart hits you.
* * * LOW HITPOINT WARNING * * *
Natasha misses you.
You closely miss Natasha. Natasha closely misses you.
You barely miss Natasha.
Natasha casts a spell.
You closely miss Natasha. Natasha claws you.
* * * LOW HITPOINT WARNING * * *
You hit Natasha.
Natasha is lightly wounded.
You hit Natasha but do no damage.
Natasha is lightly wounded.
Natasha misses you.
You closely miss Natasha.
Natasha is lightly wounded.
Natasha closely misses you.
You hit Natasha.
Natasha is moderately wounded.
Natasha claws you!
You die...

#
#......#
#.# #
#.######
#.#
######.#
#.#
.....#.#
#.#
####.#.#
#.#
#...#
#.#
#####
#.# #†#
#@# #h#
#5# #.#
#.# #.#
#.# #.#
#.....#


You could see Natasha and a crimson imp (summoned).

Vanquished Creatures
  3 river rats
  A worm (D:2)
  A dart slug (D:1)
  4 endoplasms
  2 giant cockroaches
  4 hobgoblins
  9 jackals
  9 ball pythons
  6 bats
  4 goblins
  A kobold (D:1)
  8 rats
52 creatures vanquished.

Notes
Turn   | Place    | Note
-------+----------+-------------------------------------------
     0 | Abyss:1  | 1player the Draconian Abyssal Knight began the quest for
                  | the Orb.
     0 | Abyss:1  | Reached XP level 1. HP: 19/19 MP: 2/2
    46 | Abyss:1  | Noticed a ynoxinul
    47 | D:1      | Escaped the Abyss
   122 | D:1      | Found Ninok's Weapon Shoppe.
   211 | D:1      | Reached * piety under Lugonu
   288 | D:1      | Found Sudurch's Armour Boutique.
   427 | D:1      | Reached XP level 2. HP: 26/26 MP: 3/3
   471 | D:1      | Reached skill level 3 in Maces & Flails
   487 | D:1      | Found a faded altar of an unknown god.
   883 | D:2      | Reached XP level 3. HP: 31/31 MP: 4/4
   919 | D:2      | Reached ** piety under Lugonu
  1266 | D:2      | Reached skill level 4 in Maces & Flails
  1311 | D:2      | Found Veuch's Assorted Antiques.
  1862 | D:3      | Found a glowing drain.
  1877 | Sewer    | Entered a sewer
  1900 | Sewer    | Reached XP level 4. HP: 14/38 MP: 5/5
  2188 | Sewer    | Noticed a kobold brigand
  2313 | D:3      | Noticed Natasha
  2381 | D:3      | Slain by Natasha

Illustrated notes

Levels and vault maps discovered:
D:1:      amcnicky_arrival_single_pillar, layout_loops_ring,
          hellmonk_ecumenical_altar_dog_temple, serial_shops, shop, shop
D:2:      layout_loops_ring, serial_shops, shop
D:3:      layout_basic, serial_shops, nicolae_shop_trees, portal_sewer_entry_e,
          uniq_natasha

Skill      XL: |  1  2  3 |
---------------+----------+-----
Maces & Flails | 3 4 |  4.6
Fighting       | |  3.2
Dodging        | |  2.1
Invocations    | |  2.0

Action                   |  1- 3 |  4- 6 || total
-------------------------+-------+-------++-------
Melee: Whip              |   219 |    48 ||   267
       Tailslap          |    16 |     1 ||    17
Invok: Depart the Abyss  |     1 |       ||     1
  Use: Scroll            |     2 |       ||     2
       Potion            |     1 |       ||     1
Armor: Skin              |    85 |    20 ||   105
Dodge: Dodged            |   131 |    25 ||   156

Table legend: (Time is in decaauts)
 A = Elapsed time spent in this place.
 B = Non-inter-level travel time spent in this place.
 C = Inter-level travel time spent in this place.
 D = Time resting spent in this place.
 E = Time spent auto-exploring this place.
 F = Levels seen in this place.
 G = Mean time per level.
                   A        B        C        D        E       F      G
               +--------+--------+--------+--------+--------+-----+--------+
         Total |   2386 |   2344 |     42 |    434 |   1271 |   5 |  477.2 |
       Dungeon |   1975 |   1933 |     42 |    201 |   1226 |   3 |  658.3 |
         Abyss |     47 |     47 |      0 |      0 |     36 |   1 |   47.0 |
         Sewer |    364 |    364 |      0 |    233 |      9 |   1 |  364.0 |
               +--------+--------+--------+--------+--------+-----+--------+

Top non-repeatable levels by time:
     D:2: 995 daAuts
     D:1: 669 daAuts
   Sewer: 364 daAuts
     D:3: 310 daAuts
 Abyss:1: 47 daAuts
